Description

Like other copies of this BO, but trims the archons from unit list to work better with SALT when practicings

Build Order

Get SALT Encoding   

  14  0:18  Pylon  
  15  0:40  Gateway  
  16  0:49  Assimilator  
  20  1:25  Nexus  
  20  1:32  Cybernetics Core  
  21  1:41  Assimilator  
  21  1:51  Pylon  
  23  2:06  Adept (Chrono Boost)  
  26  2:20  Stargate  
  26  2:29  Adept  
  29  2:37  Warp Gate  
  35  3:01  Oracle (Chrono Boost)  
  40  3:06  Gateway  
  40  3:12  Pylon  
  42  3:24  Adept  
  45  3:33  Oracle (Chrono Boost)  
  46  3:39  Pylon  
  51  3:52  Nexus  
  52  3:56  Pylon  
  54  4:06  Robotics Facility  
  54  4:12  Assimilator x2  
  56  4:21  Forge  
  56  4:22  Twilight Council  
  58  4:32  Zealot, Sentry  
  63  4:41  Shield Battery  
  63  4:44  Pylon  
  67  4:53  Protoss Ground Weapons Level 1 (Chrono Boost), Observer  
  68  5:03  Charge  
  71  5:07  Gateway x4  
  76  5:28  Assimilator x2  
  78  5:36  Templar Archives  
  81  5:45  Pylon  
  82  5:51  Gateway x3  
  84  6:00  Warp Prism (Chrono Boost)  
  84  6:01  Pylon x3  
  86  6:13  High Templar x4  
  86  6:16  Pylon x2, Zealot x2  
  98  6:30  Pylon  
  99  6:40  High Templar x2  
  99  6:44  Nexus  
  99  6:45  Zealot x6  
  111  6:52  Protoss Ground Weapons Level 2  
  115  6:55  Zealot  
  117  7:04  Pylon x2  
  119  7:27  Immortal (Chrono Boost)  
  124  7:30  Phoenix (Chrono Boost)  
  124  7:33  High Templar x4  
  124  7:34  Zealot x3  
  141  7:38  Shield Battery  
  141  7:39  Photon Cannon x2  
  140  7:55  Forge  
  144  7:59  Immortal (Chrono Boost)  
Spawning Tool Build Advisor. Get it on Overwolf

Go to:

Details

  • Created by: daswoogs
  • Published on: Oct 24, 2020
  • Modified on: Oct 24, 2020
  • Patch: 4.11.0
  • Difficulty: Medium
Show
View Real Time Build Order
Export as new Build Order

Comments (0)

There are no comments. Be the first!

Create an account to comment!